[Event "98th Caplin Hastings Masters 2024-25"]
[Site "Hastings"]
[Date "2025.01.03"]
[Round "9.11"]
[White "Siva Mahadevan"]
[Black "Kolani, Arjun"]
[Result "1-0"]
[ECO "B10"]
[WhiteElo "2349"]
[BlackElo "2131"]
[Annotator "TA"]
[PlyCount "133"]
[EventDate "2024.12.23"]
[EventType "swiss"]
[EventCountry "ENG"]
[SourceTitle "playchess.com"]
[Source "ChessBase"]
[SourceQuality "1"]
[TimeControl "5400+30"]

1. e4 c6 2. d3 d5 3. Nd2 e5 4. Ngf3 Bd6 5. d4 exd4 6. exd5 cxd5 7. Bb5+ Bd7 8. Bxd7+ Qxd7 9. Nxd4 Nc6 10. N2f3 Nf6 11. O-O O-O 12. h3 Ne4 13. Be3 Rad8 14. c3 f5 15. Ne2 Bb8 16. Bf4 Bxf4 17. Nxf4 Qf7 18. Nd4 Rfe8 19. Re1 g5 20. Nd3 Qf6 21. Nxc6 bxc6 22. Qf3 Nd2 23. Qh5 Re4 24. Rad1 Nc4 25. b3 Nd6 26. f3 Rh4 27. Re6 Qg7 28. Rxd6 Rxd6 29. Qe8+ Qf8 30. Qe3 Rhh6 31. Qxg5+ Rhg6 (31... Rdg6 $6 32. Qe3 $11) (31... Qg7 $1 $15 {was preferable.} 32. Qxg7+ Kxg7) 32. Qe3 $11 Rg7 33. Nf4 Re7 34. Qc5 Red7 35. b4 Qe7 36. Kf2 Qe5 37. Nd3 Qf6 38. Re1 Re6 39. Rxe6 Qxe6 40. b5 Rc7 (40... cxb5 $2 41. Qc8+ Kf7 42. Nc5 $18 (42. Ne5+ Ke7 $18)) 41. a4 Rc8 42. b6 {[%emt 0:01:48] [#]} (42. Qxa7 $11 cxb5 43. axb5 Rxc3 44. Qd4 Rc2+ (44... Rc4 45. Qa7 $11) 45. Kg1) 42... axb6 $1 $17 43. Qxb6 Re8 44. Qd4 $2 (44. Kg3 $17 {nothing else works.}) 44... Qe2+ $2 (44... c5 45. Qxc5 Qe2+ 46. Kg3 Qxd3) 45. Kg3 $19 Re7 (45... Kf7 $142 46. Kh2 Qe3) 46. Kh2 $17 Qe3 47. Qh4 $1 Qe6 (47... Re8 $5 48. Nf4 Qxc3 $11) 48. a5 Qd6+ 49. Nf4 $2 {[%emt 0:00:00] [#]} (49. f4 $11) 49... Rg7 (49... h6 $1 $19 {aiming for ...Ra7.} 50. g3 c5) 50. Kh1 $1 $15 Qe7 (50... h6 $17) 51. Qf2 $1 $11 Qa3 52. Nh5 Rg6 53. Qe3 Kf7 (53... Qxa5 54. Qe8#) 54. Nf4 Rf6 55. Qa7+ Qe7 56. Qb8 Qe8 57. Qb7+ Kg8 (57... Qe7 58. a6 Rd6 59. Qb8) 58. a6 Qe1+ 59. Kh2 Qe5 $1 60. g3 Rf7 ({Black should try} 60... Qe8 $1 $11) 61. Qxc6 $14 Rc7 $2 (61... Qe1 $14) 62. Qb6 $2 (62. Qxd5+ Qxd5 63. Nxd5 Ra7 $11) (62. Qa8+ Kf7 63. a7 (63. Qxd5+ Qxd5 64. Nxd5 Rc6 $11) (63. Nxd5 Qe2+ 64. Kg1 Rd7 $15) 63... Rxc3 64. Qb7+ (64. Qxd5+ Qxd5 65. Nxd5 Rc2+ 66. Kh1 Ra2 $11) 64... Rc7 65. a8=Q Rxb7 66. Qxb7+ Ke8 67. Qxd5 (67. Nxd5 Qe2+ 68. Kg1 Qe1+ 69. Kh2 Qf2+ 70. Kh1 Qe1+ 71. Kg2 Qe2+ 72. Kg1 Qe1+ 73. Kg2 Qe2+ 74. Kg1 $11) 67... Qb2+ 68. Ng2) 62... Qe7 $2 (62... Rxc3 {is a better defense.} 63. h4 (63. Qd8+ Kf7 $11) 63... Rc2+ 64. Kh3 Rc8) 63. Qb8+ $18 (63. Nxd5 Qe2+ 64. Kg1 Qd1+ (64... Qe1+ 65. Kg2 $11) 65. Kf2 Qd2+ 66. Kg1 Qd1+ 67. Kg2 Qd2+ 68. Kf1 Qd1+ 69. Kg2 Qd2+ 70. Kf1 Qd1+ 71. Kg2 $11) 63... Kf7 64. Qh8 (64. Nxd5 Qe2+ 65. Kg1 Rd7 $11 (65... Qe1+ 66. Kg2 $17)) 64... d4 65. Qxh7+ ({Weaker is} 65. cxd4 Rc2+ 66. Ng2 Rxg2+ 67. Kxg2 Qe2+ 68. Kg1 Qe1+ 69. Kg2 Qe2+ 70. Kg1 Qe1+ 71. Kh2 Qf2+ 72. Kh1 Qf1+ 73. Kh2 Qe2+ (73... Qf2+ 74. Kh1 $11) 74. Kg1 $11) 65... Ke8 66. Qh5+ Qf7 67. Qh8+ (67. cxd4 Qxh5 68. Nxh5 Kf7 $16) 1-0

[Event "98th Caplin Hastings Masters 2024-25"]
[Site "Hastings"]
[Date "2025.01.03"]
[Round "9.12"]
[White "Golding, Alex"]
[Black "Briem, Benedikt"]
[Result "1-0"]
[ECO "D02"]
[WhiteElo "2405"]
[BlackElo "2132"]
[Annotator "TA"]
[PlyCount "155"]
[EventDate "2024.12.23"]
[EventType "swiss"]
[EventCountry "ENG"]
[SourceTitle "playchess.com"]
[Source "ChessBase"]
[SourceQuality "1"]
[TimeControl "5400+30"]

1. d4 d5 2. Nf3 Nf6 3. Bf4 e6 4. e3 Bd6 5. Bxd6 Qxd6 6. Nbd2 O-O 7. Bd3 c5 8. dxc5 Qxc5 9. O-O Nbd7 10. c4 e5 11. cxd5 Qxd5 12. Qc2 Nc5 13. Bc4 Qd6 14. Rfd1 Qe7 15. Rac1 b6 16. b4 Ncd7 (16... Nb7 $1 $14) 17. Ne4 $16 Nxe4 18. Qxe4 Rb8 19. Bb3 Bb7 20. Qf5 Nf6 (20... Rbc8 $142) 21. Nxe5 $18 g6 (21... Rbe8) 22. Qg5 (22. Rc7 $142 Qxc7 23. Qxf6) 22... Rbe8 $18 23. Nc6 Bxc6 24. Rxc6 Kg7 25. Rdd6 Ne4 26. Qxe7 Rxe7 27. Rd4 Rb8 28. f3 Nf6 29. e4 Ne8 30. Kf2 Nc7 31. a4 Rb7 32. f4 Ne8 33. Ke3 Rbd7 (33... Nf6 {might work better.} 34. h3 Rbd7) 34. Rxd7 $18 Rxd7 35. a5 bxa5 (35... Rc7 $142 36. Rxc7 Nxc7) 36. bxa5 $18 Nf6 37. h3 Rb7 38. Bc4 h5 39. e5 Ng8 40. g4 hxg4 41. hxg4 Nh6 42. Kf3 Re7 43. a6 Rd7 44. e6 fxe6 45. Bxe6 ({Not} 45. Rxe6 g5 46. Re5 (46. fxg5 Nf7 $18) 46... gxf4 $18) 45... Re7 46. Bd5 Nf7 47. Bxf7 Kxf7 48. Kg3 Rd7 (48... g5 $142 49. fxg5 Re3+ 50. Kf4 Ra3 51. Rc7+ Kg6 52. Rxa7 Ra4+ 53. Ke5 Kxg5) 49. Kh4 $18 Kg7 50. Kg5 Rd5+ 51. f5 gxf5 52. Rc7+ Kg8 53. gxf5 Rd6 54. Rxa7 Rb6 55. f6 Rb1 56. Rg7+ Kh8 57. a7 Rg1+ 58. Kh5 Rh1+ 59. Kg6 Rh6+ 60. Kg5 Rh5+ 61. Kg4 Rh4+ 62. Kf5 Rf4+ 63. Ke6 Rxf6+ 64. Ke5 Kxg7 65. a8=Q ({Worse is} 65. a8=B Re6+ 66. Kxe6 $11) 65... Rf7 66. Qe8 Rf8 67. Qe7+ Rf7 68. Qg5+ Kh7 69. Ke6 Rg7 70. Qh5+ Kg8 71. Kf6 Rg1 72. Qc5 (72. Qd5+ $142 Kh7 73. Qe4+ Kg8 74. Qa8+ Kh7 75. Qa7+ Kg8 76. Qxg1+ Kf8 77. Qg7+ Ke8 78. Qe7#) 72... Rg7 $18 73. Qh5 Rg1 $1 74. Qe8+ Kh7 75. Qd7+ Kg8 76. Qc8+ Kh7 77. Qc7+ Kg8 78. Qb8+ 1-0

[Event "98th Caplin Hastings Masters 2024-25"]
[Site "Hastings"]
[Date "2025.01.03"]
[Round "9.13"]
[White "Boyer, Mahel"]
[Black "Zhang, Junyi"]
[Result "1-0"]
[ECO "C07"]
[WhiteElo "2526"]
[BlackElo "2070"]
[Annotator "TA"]
[PlyCount "69"]
[EventDate "2024.12.23"]
[EventType "swiss"]
[EventCountry "ENG"]
[SourceTitle "playchess.com"]
[Source "ChessBase"]
[SourceQuality "1"]
[TimeControl "5400+30"]

1. e4 c5 2. Nf3 e6 3. d4 cxd4 4. Nxd4 Nf6 5. Nd2 d5 6. e5 Nfd7 7. N2f3 Nc6 8. Bf4 Be7 9. c3 Nxd4 10. cxd4 Bb4+ 11. Bd2 Bxd2+ 12. Qxd2 O-O 13. Be2 f6 14. exf6 Nxf6 15. O-O Bd7 16. Rfe1 Rc8 17. Bd3 {[%emt 0:02:06] Prevents Ne4} Qb6 18. Re3 Qd6 (18... Ng4 $14) 19. Ne5 Be8 20. Rae1 (20. Rh3 Nh5 21. g4 Nf6 22. Qe3) 20... Rc7 21. a3 Re7 22. Rh3 g6 23. Rhe3 {[%emt 0:02:38] White has more active pieces.} (23. Qg5 {keeps more tension.} Rc7 24. Rf3 Qe7 25. g3) 23... Nd7 24. h4 Nxe5 25. Rxe5 ({Don't take} 25. dxe5 Qd8 $14) 25... Qd7 {[%emt 0:00:00] Black is weak on the dark squares} (25... Qb6 $16 {was worth a try.}) 26. Qg5 $18 Rff7 (26... Qd8 $142 27. h5 (27. Rxe6 Rxe6 28. Rxe6 Qxg5 $18) 27... Rd7 28. hxg6 Bxg6 29. Bxg6 Qxg5 30. Rxg5 hxg6 31. Rxg6+ (31. Rxe6 Rf4 $18) 31... Kh8 32. Rgxe6 (32. Rexe6 Rf4 $18) 32... Rc7) 27. h5 Rg7 $2 (27... Rf8 28. h6 (28. hxg6 Bxg6 $18) 28... Qd8 29. Rxd5 (29. Rxe6 Rxe6 30. Qxd8 Rxe1+ 31. Kh2 Bc6 $18) 29... Bd7) 28. h6 Rgf7 {[%emt 0:00:00] [#]} 29. Bf5 $1 exf5 (29... Rxf5 30. Rxf5) 30. Rxe7 Rxe7 31. Qxe7 (31. Rxe7 $142 Qc6 32. Re1 Qc7 33. Rxe8+ Kf7 34. Rh8 Ke6 35. Qe3+ Kd6 36. Qf4+ Kc6 37. Qxc7+ Kxc7 38. Rxh7+ Kc6 39. Re7 (39. Rg7 Kb5 40. b3 Ka6 41. h7 g5 42. h8=Q g4 43. Qh6+ Ka5 44. Rxb7 g3 45. Rxa7+ Kb5 46. Qa6#)) 31... Qxe7 32. Rxe7 {[%emt 0:00:04] KR-KB} Bc6 33. Rg7+ Kh8 34. f4 a6 35. Kf2 1-0

[Event "98th Caplin Hastings Masters 2024-25"]
[Site "Hastings"]
[Date "2025.01.03"]
[Round "9.14"]
[White "Nielsen, Andre"]
[Black "Rayner, Francis"]
[Result "1-0"]
[ECO "B44"]
[WhiteElo "2276"]
[BlackElo "2013"]
[Annotator "TA"]
[PlyCount "139"]
[EventDate "2024.12.23"]
[EventType "swiss"]
[EventCountry "ENG"]
[SourceTitle "playchess.com"]
[Source "ChessBase"]
[SourceQuality "1"]
[TimeControl "5400+30"]

1. e4 c5 2. Nf3 e6 3. d4 cxd4 4. Nxd4 Nc6 5. Bf4 d6 6. Nxc6 bxc6 7. c4 e5 8. Bc1 {[%emt 0:00:26] The position is equal.} Nf6 9. Nc3 Be7 10. Be2 O-O 11. O-O Qc7 12. Be3 Be6 13. Rc1 Qb7 14. b3 Rfd8 15. Bf3 h6 16. Qe2 Bf8 17. Rfd1 Rac8 18. Rc2 Nd7 19. Bg4 Nc5 (19... Nf6 $11 {remains equal.} 20. Bf3 (20. Bxe6 fxe6 21. Bc1 Re8 $11) 20... Rb8) 20. Bxc5 Bxg4 21. Qxg4 dxc5 {[%emt 0:00:08] Black is weak on the light squares} 22. Rcd2 Rd4 23. Ne2 $36 {[%emt 0:24:02][%mdl 2048] White has some pressure.} Re8 24. Nxd4 $16 cxd4 25. Rd3 c5 26. g3 Bd6 27. Re1 Re6 28. Qe2 a5 29. Qd2 Bc7 30. f3 Kh7 31. Qc1 g6 32. Qa3 Qc6 33. Qa4 Kg7 (33... Qd6 $16 {was worth a try.}) 34. Qxc6 $18 Rxc6 {[%emt 0:00:01][%mdl 4096] Endgame. KRR-KRB} 35. Kf2 Re6 36. Rb1 Bd6 37. Ke2 Re8 38. Rd2 Rb8 39. Rdb2 Kf6 40. Kd3 Ke6 41. Rf2 g5 42. a3 Rg8 43. g4 Rb8 44. Rc2 Be7 {[%emt 0:00:40] [#]} 45. b4 cxb4 $16 {[%emt 0:00:30][%cal Bc5b4,Bb4b3][%mdl 32] ...b3 would now be deadly.} 46. c5 b3 47. Rc4 Kd7 {[%emt 0:00:34] [#]} 48. c6+ (48. Ra4 $6 Rb5 $11) (48. Kd2 $1 $16) 48... Kc7 $11 {[%emt 0:00:03][%cal Ob8b5] And now ...Rb5! would win.} 49. Ra4 Rb5 50. Kc4 {[%emt 0:00:56][%csl LRb3,LRb5] Dancing on a razor blade.} Kxc6 51. Rxb3 Rc5+ {[%emt 0:01:15] White now steadily converts the win.} (51... Rxb3 $11 52. Kxb3 Kb5) 52. Kd3 $16 {[%emt 0:00:05] Strongly threatening Rc4.} Bd6 (52... Rb5 $16 53. Rc4+ Rc5 54. Rxc5+ Bxc5) 53. Rc4 $18 f6 54. Rxc5+ Bxc5 {[%emt 0:00:10] KR-KB} 55. Kc4 {[%emt 0:00:11] Hoping for Rb5.} Bd6 56. h3 a4 57. Rb5 ({Don't do} 57. Rd3 Kb6 58. Rd1 (58. Kd5 Bf8 $11) 58... Be7 $18 (58... Bxa3 $2 {perishes.} 59. Ra1 $18)) 57... Bxa3 58. Ra5 Bd6 $2 (58... Bc1 59. Rxa4 Kb7) 59. Rxa4 Be7 60. Ra8 Kd6 61. Rh8 (61. Ra6+ $142 Kc7 62. Kd5) 61... Ke6 62. Rxh6 Bd8 63. Rh8 Be7 $2 (63... Ba5 64. Rb8 Bd2 65. Rb6+ Kf7) 64. Ra8 {[%emt 0:00:12] White is clearly winning.} Bd6 65. Ra6 Ke7 66. Kd5 {[%emt 0:00:08] Ra7+ would kill now.} Bb4 67. Ra7+ Kd8 68. Ke6 Kc8 69. Rd7 Bc3 70. Rd5 {[%emt 0:00:20] Weighted Error Value: White=0.12 (very precise) /Black=0.29 (precise) .  Mistake:       	White=2     	Black=7      Inaccurate:     	White=2     	Black=3      OK:         	White=15    	Black=21     Best:        	White=7     	Black=4} 1-0

[Event "98th Caplin Hastings Masters 2024-25"]
[Site "Hastings"]
[Date "2025.01.03"]
[Round "9.15"]
[White "Bozinakis, Pavlos"]
[Black "Adams, Henry"]
[Result "1-0"]
[ECO "C84"]
[WhiteElo "2271"]
[BlackElo "1991"]
[Annotator "TA"]
[PlyCount "77"]
[EventDate "2024.12.23"]
[EventType "swiss"]
[EventCountry "ENG"]
[SourceTitle "playchess.com"]
[Source "ChessBase"]
[SourceQuality "1"]
[TimeControl "5400+30"]

1. e4 e5 2. Nf3 Nc6 3. Bb5 a6 4. Ba4 Nf6 5. O-O Be7 6. d3 b5 7. Bb3 d6 8. c3 O-O 9. a4 Bd7 10. Bc2 b4 11. a5 {[%emt 0:08:40] White has an edge.} Rb8 12. Nbd2 d5 13. Re1 dxe4 14. dxe4 Rb5 15. Qe2 Rxa5 ({Black should play} 15... Be6 $14) 16. Rxa5 $16 Nxa5 17. Qxa6 (17. Nxe5 $16 bxc3 18. Nxd7 (18. bxc3 Bb5 $16) 18... cxd2 19. Qxd2 (19. Nxf8 dxe1=B 20. Qxe1 Nc6 $17) (19. Bxd2 Nxd7 20. Bxa5 Qb8 $16) 19... Qxd7 20. Qxa5) 17... Nc6 $14 18. Nc4 Bd6 19. h3 {[%emt 0:06:43] White has more active pieces.} (19. Rd1 $14) 19... Qe7 20. Nxd6 Qxd6 21. Rd1 Qe7 22. Bg5 bxc3 23. bxc3 Qc5 24. Bxf6 Nb8 (24... Bc8 $142 25. Qd3 (25. Rd5 $2 Qxd5 26. exd5 Bxa6 $19) 25... gxf6) 25. Qd3 $16 gxf6 26. Nh4 Be6 27. Qf3 Qe7 28. Rd3 Rd8 29. Re3 Rd6 (29... Nd7 $14) 30. Qh5 Nd7 $2 {[%emt 0:03:04][%mdl 8192] Black cannot hold the game after this.} (30... Qf8 $16 {is more resistant.} 31. Rg3+ Kh8) 31. Rg3+ $18 Kh8 32. Bd1 (32. Bb3 $142 {Black must now prevent Bxe6.} f5 (32... Bxb3 33. Qh6 Qf8 34. Nf5 Be6 35. Ne7) 33. Bxe6 (33. Nxf5 Bxf5 34. exf5 Rf6 $18) 33... Rxe6 34. Nxf5 (34. exf5 Rd6 $18)) 32... f5 33. exf5 {[%emt 0:02:51][%cal Od1c2] [#] Threatens to win with Bc2!} Bc4 $2 (33... Bd5 34. Ba4 Nc5) 34. Bc2 (34. Ba4 $142) 34... Qf8 35. f6 $40 {[%emt 0:02:28][%mdl 128] White attacks with force.} Nxf6 (35... e4 36. Nf5 (36. Bxe4 Nxf6 37. Qf5 Re6 $18) 36... Nxf6) 36. Qxe5 {[%emt 0:00:38] White is clearly winning.} Bd5 {[%emt 0:03:41] [#]} 37. c4 $1 Be4 (37... Bxc4 38. Nf5) 38. Bxe4 Re6 39. Qc3 {[%emt 0:01:52] Weighted Error Value: White=0.29 (precise) /Black=0.65.  Loses game:     	---       	Black=1      Mistake:       	White=4     	Black=5      Inaccurate:     	White=1     	Black=4      OK:         	White=15    	Black=8      Best:        	White=1     	Black=3} 1-0

[Event "98th Caplin Hastings Masters 2024-25"]
[Site "Hastings"]
[Date "2025.01.03"]
[Round "9.16"]
[White "Verbytski, Oleg"]
[Black "Li, Jack"]
[Result "1-0"]
[ECO "B43"]
[WhiteElo "2033"]
[BlackElo "1717"]
[Annotator "NA RC"]
[PlyCount "77"]
[EventDate "2024.12.23"]
[EventType "swiss"]
[EventCountry "ENG"]
[SourceTitle "playchess.com"]
[Source "ChessBase"]
[SourceQuality "1"]
[TimeControl "5400+30"]

1. e4 c5 2. Nf3 e6 3. d4 cxd4 4. Nxd4 a6 5. Nc3 b5 6. Be3 Bb7 7. f3 Nc6 8. Qd2 Ne5 9. g4 Rc8 10. Bf4 d6 11. O-O-O Be7 12. Kb1 Nf6 13. Be2 O-O 14. h4 Nexg4 15. fxg4 b4 16. Na4 Qa5 17. b3 Bxe4 18. Bf3 e5 19. Bxe4 Nxe4 20. Qe1 Nc3+ 21. Nxc3 bxc3 22. Nf5 Rfe8 23. Bc1 Qc7 24. Ba3 Rcd8 25. Rh3 Bf8 26. Rxc3 Qa5 27. Bxd6 g6 28. b4 Qa4 29. Bxf8 Kxf8 30. Rxd8 Qxb4+ 31. Kc1 Rxd8 32. Qxe5 gxf5 33. Qh8+ Ke7 34. Re3+ Kd7 35. Rd3+ Kc6 36. Qxd8 Qf4+ 37. Kb2 fxg4 38. Qc8+ Kb6 39. Rb3+ 1-0

[Event "98th Caplin Hastings Masters 2024-25"]
[Site "Hastings"]
[Date "2025.01.03"]
[Round "9.17"]
[White "Golding, James"]
[Black "Bilandzic, Ante"]
[Result "1-0"]
[ECO "A52"]
[WhiteElo "2203"]
[BlackElo "1912"]
[Annotator "RC"]
[PlyCount "43"]
[EventDate "2024.12.23"]
[EventType "swiss"]
[EventCountry "ENG"]
[SourceTitle "playchess.com"]
[Source "ChessBase"]
[SourceQuality "1"]
[TimeControl "5400+30"]

1. d4 Nf6 2. c4 e5 3. dxe5 Ng4 4. Nf3 Bc5 5. e3 Nc6 6. Be2 O-O 7. O-O Re8 8. b3 Ngxe5 9. Bb2 Nxf3+ 10. gxf3 d5 11. Qxd5 Qh4 12. Kh1 Bd6 13. f4 Bh3 14. Rg1 g6 15. Qf3 Nb4 16. Nc3 Nc2 17. Rad1 Rad8 18. Nd5 Re6 19. Qg3 Be7 20. Nxe7+ Qxe7 21. Qxh3 Nxe3 22. fxe3 1-0

[Event "98th Caplin Hastings Masters 2024-25"]
[Site "Hastings"]
[Date "2025.01.03"]
[Round "9.18"]
[White "Rida, Ruqayyah"]
[Black "Chandler, Cliff R"]
[Result "1-0"]
[ECO "B01"]
[WhiteElo "2019"]
[BlackElo "2161"]
[Annotator "RC"]
[PlyCount "61"]
[EventDate "2024.12.23"]
[EventType "swiss"]
[EventCountry "ENG"]
[SourceTitle "playchess.com"]
[Source "ChessBase"]
[SourceQuality "1"]
[TimeControl "5400+30"]

1. e4 d5 2. exd5 Nf6 3. d4 Bg4 4. Bb5+ Nbd7 5. Be2 Bxe2 6. Qxe2 Nxd5 7. c4 N5f6 8. Nf3 e6 9. Nc3 Bb4 10. Bd2 O-O 11. O-O c5 12. a3 Bxc3 13. Bxc3 Rc8 14. Rad1 cxd4 15. Rxd4 Qc7 16. Rfd1 Rfe8 17. Qe3 e5 18. Rd6 e4 19. Nh4 Ne5 20. Nf5 h6 21. Qg3 Ng6 22. Bxf6 gxf6 23. Nxh6+ Kh7 24. Qh3 Nf4 25. Qf5+ Kxh6 26. Qxf4+ Kg7 27. Qxf6+ Kg8 28. R1d5 Qxc4 29. Rg5+ Kf8 30. Qh6+ Ke7 31. Re5+ 1-0

[Event "98th Caplin Hastings Masters 2024-25"]
[Site "Hastings"]
[Date "2025.01.03"]
[Round "9.19"]
[White "Gu In-Jung"]
[Black "Brown, Tom"]
[Result "0-1"]
[ECO "D25"]
[WhiteElo "1987"]
[BlackElo "1932"]
[Annotator "NA RC"]
[PlyCount "116"]
[EventDate "2024.12.23"]
[EventType "swiss"]
[EventCountry "ENG"]
[SourceTitle "playchess.com"]
[Source "ChessBase"]
[SourceQuality "1"]
[TimeControl "5400+30"]

1. d4 d5 2. c4 dxc4 3. Nf3 Nf6 4. e3 Bg4 5. Bxc4 e6 6. Qb3 Bxf3 7. gxf3 Nbd7 8. Rg1 Nb6 9. Be2 Qd6 10. Rg3 Qb4+ 11. Qxb4 Bxb4+ 12. Bd2 Bxd2+ 13. Nxd2 g6 14. Nb3 O-O-O 15. a4 a6 16. Nc5 Nbd7 17. Nd3 Rhe8 18. f4 Kb8 19. a5 Ne4 20. Rg1 f6 21. f3 Nd6 22. b4 e5 23. fxe5 fxe5 24. dxe5 Nxe5 25. Nc5 Nd7 26. Kf2 Nxc5 27. bxc5 Nb5 28. Bxb5 axb5 29. Rgd1 Rxd1 30. Rxd1 Re5 31. Rd8+ Ka7 32. e4 Rxc5 33. f4 b4 34. Rd3 Rxa5 35. e5 Ra6 36. Re3 Kb6 37. e6 Ra8 38. Ke2 c5 39. e7 Re8 40. Kd3 Kc6 41. Re5 Kd6 42. Kc4 b6 43. Rd5+ Kxe7 44. Kb5 Rc8 45. Rd1 b3 46. Kc4 Rd8 47. Re1+ Kf6 48. Kxb3 Rd4 49. Kc3 Rxf4 50. Rb1 Rb4 51. Rf1+ Ke6 52. Rf8 Kd6 53. Rf6+ Kd5 54. Rf7 Rh4 55. Rf2 Rh3+ 56. Kc2 b5 57. Kc1 c4 58. Re2 b4 0-1

[Event "98th Caplin Hastings Masters 2024-25"]
[Site "Hastings"]
[Date "2025.01.03"]
[Round "9.20"]
[White "Jukes, Sam"]
[Black "Saunders, Aron"]
[Result "1/2-1/2"]
[ECO "B18"]
[WhiteElo "1911"]
[BlackElo "2106"]
[Annotator "NA RC"]
[PlyCount "72"]
[EventDate "2024.12.23"]
[EventType "swiss"]
[EventCountry "ENG"]
[SourceTitle "playchess.com"]
[Source "ChessBase"]
[SourceQuality "1"]
[TimeControl "5400+30"]

1. e4 c6 2. d4 d5 3. Nc3 dxe4 4. Nxe4 Bf5 5. Qf3 e6 6. Ne2 Nf6 7. Nxf6+ Qxf6 8. c3 Nd7 9. h4 h6 10. g4 Bh7 11. Qxf6 Nxf6 12. f3 Nd5 13. Nf4 Bd6 14. Nxd5 cxd5 15. Bb5+ Ke7 16. Ke2 f6 17. Bd3 Bxd3+ 18. Kxd3 b5 19. Bd2 h5 20. g5 e5 21. Rhg1 Kf7 22. gxf6 gxf6 23. dxe5 fxe5 24. Rg5 Rag8 25. Rag1 Be7 26. Rf5+ Ke6 27. Rxg8 Rxg8 28. Rxh5 Rg3 29. Ke2 Rg2+ 30. Ke3 Bc5+ 31. Kd3 Rf2 32. Rh6+ Kf5 33. Rh5+ Ke6 34. Rh6+ Kd7 35. Rh7+ Ke6 36. Rh6+ Kf5 1/2-1/2

[Event "98th Caplin Hastings Masters 2024-25"]
[Site "Hastings"]
[Date "2025.01.03"]
[Round "9.21"]
[White "Mikalajunas, Kajus"]
[Black "Struck, Lasse"]
[Result "0-1"]
[ECO "A34"]
[WhiteElo "1941"]
[BlackElo "1983"]
[Annotator "NA RC"]
[PlyCount "86"]
[EventDate "2024.12.23"]
[EventType "swiss"]
[EventCountry "ENG"]
[SourceTitle "playchess.com"]
[Source "ChessBase"]
[SourceQuality "1"]
[TimeControl "5400+30"]

1. Nf3 c5 2. c4 Nf6 3. Nc3 Nc6 4. g3 d5 5. cxd5 Nxd5 6. Bg2 Nc7 7. d3 e5 8. Nd2 Bd7 9. O-O Be7 10. Nc4 f6 11. a4 Ne6 12. a5 O-O 13. a6 b6 14. Nd5 Rc8 15. f4 exf4 16. Nxf4 Ncd4 17. e3 Nxf4 18. gxf4 Nc6 19. Bd5+ Kh8 20. f5 Nb4 21. Bb7 Rc7 22. Rf4 Bc6 23. Bxc6 Rxc6 24. Rh4 Nxd3 25. Qf3 Ne5 26. Qh5 h6 27. e4 Nf7 28. Bf4 Qd4+ 29. Ne3 Bd6 30. Qf3 Bxf4 31. Qxf4 Qxb2 32. Rd1 Qe5 33. Rd7 c4 34. Nd5 c3 35. Qc1 Qd4+ 36. Kg2 c2 37. Rf4 Qd1 38. Rf1 Qg4+ 39. Kf2 Ne5 40. Nf4 Nxd7 41. Rg1 Qh4+ 42. Ke2 Ne5 43. Qa3 Re8 0-1

[Event "98th Caplin Hastings Masters 2024-25"]
[Site "Hastings"]
[Date "2025.01.03"]
[Round "9.22"]
[White "Ahn, Sungmin"]
[Black "Badacsonyi, Frankie"]
[Result "0-1"]
[ECO "C13"]
[WhiteElo "1926"]
[BlackElo "2218"]
[Annotator "RC"]
[PlyCount "90"]
[EventDate "2024.12.23"]
[EventType "swiss"]
[EventCountry "ENG"]
[SourceTitle "playchess.com"]
[Source "ChessBase"]
[SourceQuality "1"]
[TimeControl "5400+30"]

1. e4 e6 2. d4 d5 3. Nc3 Nf6 4. Bg5 dxe4 5. Nxe4 Be7 6. Bxf6 gxf6 7. Nf3 f5 8. Nc3 a6 9. Qd2 Qd6 10. g4 fxg4 11. Ne5 Nc6 12. Qf4 Nxe5 13. dxe5 Qb4 14. Qd2 Bd7 15. O-O-O O-O-O 16. Rg1 h5 17. Bd3 Bc6 18. Rde1 Rhg8 19. Kb1 Bg5 20. f4 Qxf4 21. Qe2 Bf3 22. Qf2 Qd4 23. Qf1 Bd2 24. Re4 Bxe4 25. Nxe4 Ba5 26. Rh1 Qxe5 27. Qxf7 h4 28. Qf2 Rd4 29. Qf7 Rgd8 30. Qg6 Qf5 31. Qxf5 exf5 32. Nc5 R4d5 33. Ne6 Re8 34. Ng7 Rf8 35. Rf1 f4 36. Ne6 Rf6 37. b4 Bb6 38. Bc4 Re5 39. Nc5 Bxc5 40. bxc5 Rxc5 41. Bd3 f3 42. Kc1 g3 43. hxg3 hxg3 44. Be4 g2 45. Rd1 Re5 0-1

[Event "98th Caplin Hastings Masters 2024-25"]
[Site "Hastings"]
[Date "2025.01.03"]
[Round "9.23"]
[White "Muir, Andrew J"]
[Black "Malinovskii, Ilia"]
[Result "0-1"]
[ECO "D32"]
[WhiteElo "2214"]
[BlackElo "2003"]
[Annotator "RC"]
[PlyCount "78"]
[EventDate "2024.12.23"]
[EventType "swiss"]
[EventCountry "ENG"]
[SourceTitle "playchess.com"]
[Source "ChessBase"]
[SourceQuality "1"]
[TimeControl "5400+30"]

1. d4 d5 2. c4 e6 3. Nc3 c5 4. cxd5 cxd4 5. Qa4+ Bd7 6. Qxd4 exd5 7. Qxd5 Nf6 8. Qd1 Bc5 9. Nf3 O-O 10. e3 Qe7 11. Be2 Rd8 12. O-O Nc6 13. a3 Bf5 14. Qa4 a6 15. Rd1 Bd6 16. b4 Qe6 17. b5 axb5 18. Qxb5 Ra5 19. Qb6 Nd7 20. Qb2 Nc5 21. Nb5 Na4 22. Qa2 Qxa2 23. Rxa2 Rxb5 24. Bxb5 Nc3 25. Rdd2 Nxb5 26. Rab2 Nxa3 27. Rxb7 Nc4 28. Re2 Be4 29. Rb3 N6a5 30. Rb5 Bc6 31. Rb1 Be4 32. Rb5 Bf8 33. Re1 Nc6 34. Bb2 Nxb2 35. Rxb2 Bxf3 36. gxf3 Ne5 37. Kg2 Nd3 38. Rd1 Nf4+ 39. exf4 Rxd1 0-1

[Event "98th Caplin Hastings Masters 2024-25"]
[Site "Hastings"]
[Date "2025.01.03"]
[Round "9.25"]
[White "Dewangan, Aayush"]
[Black "Dette, Jan"]
[Result "1-0"]
[ECO "B13"]
[WhiteElo "1878"]
[BlackElo "2102"]
[Annotator "NA RC"]
[PlyCount "61"]
[EventDate "2024.12.23"]
[EventType "swiss"]
[EventCountry "ENG"]
[SourceTitle "playchess.com"]
[Source "ChessBase"]
[SourceQuality "1"]
[TimeControl "5400+30"]

1. e4 c6 2. d4 d5 3. exd5 cxd5 4. Bd3 Nf6 5. h3 Nc6 6. c3 e5 7. dxe5 Nxe5 8. Nf3 Nxd3+ 9. Qxd3 Bd6 10. O-O O-O 11. Bg5 Be6 12. Nbd2 h6 13. Bxf6 Qxf6 14. Nd4 a6 15. Rfe1 b5 16. b4 Rac8 17. a4 Bd7 18. axb5 Bxb5 19. Nxb5 axb5 20. Qxd5 Qd8 21. Qxb5 Bxb4 22. cxb4 Qxd2 23. Re2 Qd4 24. Rb1 Rb8 25. Qa5 Qd3 26. Reb2 Rb5 27. Qc7 Rfb8 28. Qf4 R8b6 29. Rc1 Rb7 30. Rd2 g5 31. Qf6 1-0

[Event "98th Caplin Hastings Masters 2024-25"]
[Site "Hastings"]
[Date "2025.01.03"]
[Round "9.26"]
[White "Kim, Yegeon"]
[Black "Verbin, Valentina"]
[Result "0-1"]
[ECO "B44"]
[WhiteElo "1697"]
[BlackElo "2093"]
[Annotator "NA RC"]
[PlyCount "26"]
[EventDate "2024.12.23"]
[EventType "swiss"]
[EventCountry "ENG"]
[SourceTitle "playchess.com"]
[Source "ChessBase"]
[SourceQuality "1"]
[TimeControl "5400+30"]

1. e4 c5 2. Nf3 e6 3. d4 cxd4 4. Nxd4 Nf6 5. Bd3 Nc6 6. Nxc6 bxc6 7. c4 e5 8. Nc3 Bc5 9. O-O O-O 10. Kh1 d6 11. a3 Ng4 12. f3 Nxh2 13. Re1 Ng4 0-1